 Dungeon Crawl Stone Soup version 0.29.0-11-gd7f09526c8 (webtiles) character file.

Game seed: 11635990129641955400

466 raistware the Conjurer (level 7, -4/43 HPs)
             Began as an Octopode Conjurer on Sept 6, 2022.
             Killed by miscasting Iskenderun's Mystic Blast (10 damage)
             ... on level 5 of the Dungeon.
             The game lasted 00:10:24 (4667 turns).

raistware the Conjurer (Octopode Conjurer)          Turns: 4667, Time: 00:10:25

Health: -4/43      AC:  1    Str:  7    XL:     7   Next: 8%
Magic:  17/23      EV: 13    Int: 22    God:
Gold:   298        SH:  0    Dex: 10    Spells: 7/16 levels left

rFire   . . .      SeeInvis .   d - +2 dagger (drain)
rCold   . . .      Faith    .   (no shield)
rNeg    . . .      Spirit   .   (helmet restricted)
rPois   .          Reflect  .   (no amulet)
rElec   .          Harm     .   l - ring of magical power
rCorr   .          Rampage  .   (no ring)
Will    .....                   (no ring)
Stlth   +++.......              (no ring)
HPRegen 0.14/turn               (no ring)
MPRegen 0.18/turn               (no ring)
                                (no ring)
                                (no ring)

@: very slightly contaminated
A: almost no armour, amphibious, 8 rings, camouflage 1, gelatinous body 1,
(nimble swimmer 1), tentacles
a: no special abilities


You were on level 5 of the Dungeon.
You visited 2 branches of the dungeon, and saw 6 of its levels.

You collected 322 gold pieces.
You spent 24 gold pieces at shops.

Inventory:

Hand Weapons
 d - a +2 dagger of draining (weapon)
Missiles
 o - 3 throwing nets
Jewellery
 l - a ring of magical power (left tentacle)
Scrolls
 b - a scroll of amnesia
 e - a scroll of immolation {unknown}
 g - a scroll of enchant armour {unknown}
 i - a scroll of blinking {unknown}
 j - a scroll of fear {unknown}
 n - a scroll of fog {unknown}
 p - 3 scrolls of teleportation {unknown}
Potions
 a - a potion of magic
 c - 2 potions of curing
 f - a potion of berserk rage {unknown}
 h - 3 potions of heal wounds
 k - a potion of haste {unknown}
 m - 2 potions of brilliance


   Skills:
 - Level 1.0 Fighting
 - Level 3.0 Dodging
 - Level 3.0 Stealth
 + Level 5.0 Spellcasting
 + Level 5.2 Conjurations
 - Level 2.0 Translocations


You had 7 spell levels left.
You knew the following spells:

 Your Spells              Type           Power      Damage    Failure   Level
a - Magic Dart            Conj           100%       1d8       1%          1
b - Iskenderun's Mystic   Conj/Tloc      21%        2d6       22%         4
c - Mephitic Cloud        Conj/Pois/Air  13%        N/A       14%         3
z - Apportation           Tloc           28%        N/A       4%          1

Your spell library contained the following spells:

 Spells                   Type           Power      Damage    Failure   Level
 Searing Ray              Conj           56%        2d6       1%          2
 Necrotise                Necr           20%        1d5       10%         1
 Summon Small Mammal      Summ           20%        N/A       10%         1
 Dazzling Flash           Conj/Hex       34%        N/A       11%         3
 Call Imp                 Summ           5%         N/A       16%         2
 Portal Projectile        Hex/Tloc       18%        N/A       21%         3
 Call Canine Familiar     Summ           5%         N/A       30%         3
 Fulminant Prism          Conj/Hex       8%         3d7       34%         4
 Leda's Liquefaction      Hex/Erth       2%         N/A       69%         4


Dungeon Overview and Level Annotations

Branches:
Dungeon (5/15)             Temple (1/1) D:4

Altars:
Ashenzari
Dithmenos
Fedhas
Hepliaklqana
Kikubaaqudgha
Makhleb
Nemelex Xobeh
Okawaru
Qazlal
Ru
Sif Muna
Trog
Uskayaw
Xom
Yredelemnul
The Shining One

Shops:
D:3 ?


Innate Abilities, Weirdness & Mutations

You cannot wear most types of armour.
You are amphibious.
You can wear up to eight rings at the same time.
Your skin changes colour to match your surroundings (Stealth+).
Your rubbery body absorbs attacks. (AC +1, EV +1)
((You are camouflaged when in or above water. (Stealth+)))
You have tentacles for arms and can constrict up to eight enemies at once.


Message History

You can't see any susceptible monsters within range! (Use Z to cast anyway.)
Things that are here:
a +0 club; a kobold corpse Done exploring.
Done exploring.
Done exploring.
You can't see any susceptible monsters within range! (Use Z to cast anyway.) Done exploring.
You can't see any susceptible monsters within range! (Use Z to cast anyway.)
You can't see any susceptible monsters within range! (Use Z to cast anyway.) Done exploring.
You can't see any susceptible monsters within range! (Use Z to cast anyway.) Done exploring.
You can't see any susceptible monsters within range! (Use Z to cast anyway.) Done exploring.
Search for what [Enter for "veh", or ? for help]? .
Search for what [Enter for "."]? altar
(D) Dungeon (T) Temple
Where to? (Enter - D:4, ? - help)
There is a stone staircase leading down here.
You climb downwards.
There is a stone staircase leading up here.
An ogre comes into view. It is wielding a +0 giant club.
The magic dart hits the ogre.
The ogre is lightly wounded.
The ogre shouts!
The magic dart hits the ogre!
The ogre is heavily wounded.
You barely miss the ogre.
The ogre is heavily wounded.
The ogre hits you with a +0 giant club!!!
Ouch! That really hurt!
* * * LOW HITPOINT WARNING * * *
Casting: Magic Dart (safe; 1% risk of failure)
Confirm with . or Enter, or press ? or * to list all spells.
The spell is quite dangerous to miscast (22% risk of failure)!
Continue anyway?
You miscast Iskenderun's Mystic Blast.
You are very lightly contaminated with residual magic.
You are blasted with magical energy!
You die...

###############
#.............#
#.###########.# #.#
#.# #.# #.# #.# #.#
#.# #.# #.####### #@#
###...........O......#
#..<.................#
##############.......#
.#.#+#### ..... #....
#....


You could see an ogre.

Vanquished Creatures
  A scorpion (D:4)
  A necrophage (D:4)
  3 iguanas (D:4)
  2 orc wizards
  7 gnolls (D:4)
  4 adders
  3 worms
  2 dart slugs (D:4)
  7 orcs
  10 endoplasms
  3 giant cockroaches
  14 goblins
  7 hobgoblins
  8 jackals
  5 kobolds
  6 quokkas
  7 ball pythons
  4 bats
  A frilled lizard (D:1)
  3 rats
98 creatures vanquished.

Notes
Turn   | Place    | Note
-------+----------+-------------------------------------------
     0 | D:1      | raistware the Octopode Conjurer began the quest for the
                  | Orb.
     0 | D:1      | Reached XP level 1. HP: 11/11 MP: 3/3
   151 | D:1      | You fall into a shaft and drop 1 floor!
   308 | D:1      | Reached XP level 2. HP: 17/17 MP: 1/5
   693 | D:1      | Reached XP level 3. HP: 21/21 MP: 2/7
   823 | D:1      | Found a faded altar of an unknown god.
  2079 | D:3      | Reached XP level 4. HP: 27/27 MP: 6/10
  2084 | D:3      | Learned a level 4 spell: Iskenderun's Mystic Blast
  2281 | D:3      | Learned a level 3 spell: Mephitic Cloud
  2450 | D:3      | Reached skill level 1 in Translocations
  2637 | D:3      | Found Kich's Magic Scroll Shop.
  2647 | D:3      | Bought a scroll of identify for 24 gold pieces
  2693 | D:3      | Reached XP level 5. HP: 17/31 MP: 11/11
  3136 | D:4      | Found a stormy altar of Qazlal.
  3146 | D:4      | Reached skill level 1 in Fighting
  3229 | D:4      | Reached XP level 6. HP: 38/38 MP: 12/12
  3504 | D:4      | Found a staircase to the Ecumenical Temple.
  3510 | Temple   | Entered the Ecumenical Temple
  4218 | D:4      | Found a glowing golden altar of the Shining One.
  4220 | D:4      | Found a shimmering blue altar of Sif Muna.
  4361 | D:4      | Reached skill level 5 in Spellcasting
  4361 | D:4      | Reached skill level 5 in Conjurations
  4361 | D:4      | Reached XP level 7. HP: 37/43 MP: 14/14
  4536 | D:4      | Learned a level 1 spell: Apportation
  4637 | D:5      | Entered Level 5 of the Dungeon
  4667 | D:5      | Killed by miscasting Iskenderun's Mystic Blast

Illustrated notes

Levels and vault maps discovered:
D:1:      dpeg_arrival_water_fire, layout_basic,
          hellmonk_ecumenical_altar_heavens_door, minmay_close_crescents
D:2:      layout_loops_ring, nicolae_concentric_dashed_squares_mild
D:3:      layout_rooms, serial_shops, shop_coins, grunt_decor_cap
D:4:      layout_basic, grunt_temple_overflow_open, temple_green,
          hangedman_decor_points, chequers_serial_rivers_micro_c
D:5:      layout_basic, lemuel_doored_altar, uniq_crazy_yiuf_cottage
Temple:   cyrus_circular_temple

Skill      XL: |  1  2  3  4  5  6 |
---------------+-------------------+-----
Spellcasting   | 3 4 5 |  5.0
Translocations | 2 |  2.0
Fighting       | 1 |  1.0
Stealth        | 3 |  3.0
Dodging        | 3 |  3.0
Conjurations   | 5 |  5.2

Action                   |  1- 3 |  4- 6 |  7- 9 || total
-------------------------+-------+-------+-------++-------
Melee: Dagger            |     4 |    34 |     1 ||    39
       Constrict         |     1 |     9 |       ||    10
       Tentacles         |       |     8 |       ||     8
Throw: Throwing net      |       |     1 |       ||     1
 Cast: Magic Dart        |    78 |   131 |    12 ||   221
       Mephitic Cloud    |       |     2 |       ||     2
       Iskenderun's Myst |       |     3 |       ||     3
  Use: Scroll            |       |     4 |       ||     4
 Stab: Sleeping          |     1 |       |       ||     1
Armor: Skin              |     1 |     3 |       ||     4
Dodge: Dodged            |     4 |    32 |       ||    36
